 Dungeon Crawl Stone Soup version 0.28.0 (webtiles) character file.

Game seed: 760375842141874610

23 Akaron the Digger (level 2, -1/17 HPs)
             Began as an Octopode Earth Elementalist on Feb 6, 2022.
             Succumbed to an adder's poison
             ... on level 2 of the Dungeon.
             The game lasted 00:02:18 (1233 turns).

Akaron the Digger (Octopode Earth Elementalist)     Turns: 1233, Time: 00:02:19

Health: -1/17      AC:  1    Str:  7    XL:     2   Next: 95%
Magic:  0/5        EV: 13    Int: 17    God:
Gold:   26         SH:  0    Dex: 12    Spells: 2/5 levels left

rFire   . . .      SeeInvis .   (no weapon)
rCold   . . .      Faith    .   (no shield)
rNeg    . . .      Spirit   .   (helmet restricted)
rPois   .          Reflect  .   (no amulet)
rElec   .          Harm     .   (no ring)
rCorr   .          Rampage  .   (no ring)
Will    .....                   (no ring)
Stlth   +++.......              (no ring)
HPRegen 0.05/turn               (no ring)
MPRegen 0.09/turn               (no ring)
                                (no ring)
                                (no ring)

@: lethally poisoned (-1 -> -15), very slightly contaminated
A: almost no armour, amphibious, 8 rings, camouflage 1, gelatinous body 1,
(nimble swimmer 1), tentacles
a: no special abilities


You were on level 2 of the Dungeon.
You visited 1 branch of the dungeon, and saw 2 of its levels.

You collected 26 gold pieces.

Inventory:

Missiles
 b - 50 stones
Jewellery
 g - a ring of magical power
Scrolls
 a - a scroll of fog {unknown}
 e - a scroll of summoning {unknown}
 f - a scroll of identify {unknown}
Potions
 c - 3 potions of cancellation {unknown}
 d - 2 potions of brilliance {unknown}


   Skills:
 + Level 2.2 Dodging
 - Level 2.6 Stealth
 + Level 2.4 Spellcasting
 * Level 0.2 Conjurations
 + Level 1.0 Transmutations
 + Level 3.4 Earth Magic


You had 2 spell levels left.
You knew the following spells:

 Your Spells              Type           Power      Damage    Failure   Level
a - Sandblast             Erth           26%        2d8       4%          1
b - Passwall              Tmut/Erth      7%         N/A       11%         2

Your spell library contained the following spells:

 Spells                   Type           Power      Damage    Failure   Level
 Animate Skeleton         Necr           4%         N/A       19%         1
 Apportation              Tloc           4%         N/A       19%         1
 Summon Small Mammal      Summ           8%         N/A       19%         1
 Stone Arrow              Conj/Erth      16%        3d8       26%         3
 Petrify                  Tmut/Erth      9%         N/A       58%         4


Dungeon Overview and Level Annotations

Branches:
Dungeon (2/15)

Altars:


Innate Abilities, Weirdness & Mutations

You cannot wear most types of armour.
You are amphibious.
You can wear up to eight rings at the same time.
Your skin changes colour to match your surroundings (Stealth+).
Your rubbery body absorbs attacks. (AC +1, EV +1)
((You are camouflaged when in or above water. (Stealth+)))
You have tentacles for arms and can constrict up to eight enemies at once.


Message History

You miscast Sandblast.
You are very lightly contaminated with residual magic.
Nothing appears to happen.
The blast of sand hits the frilled lizard!
You kill the frilled lizard!
Your magical contamination has completely faded away.
Found an escape hatch in the floor.
c - 3 pink potions (gained 2)
You open the door.
An endoplasm and an adder come into view.
There is an open door here.
The blast of sand hits the endoplasm.
The endoplasm is heavily wounded.
The endoplasm quivers.
The adder hisses angrily.
The blast of sand hits the endoplasm!
You kill the endoplasm!
The blast of sand misses the adder.
The adder completely misses you.
You miscast Sandblast.
You are very lightly contaminated with residual magic.
Nothing appears to happen.
The adder bites you.
You are poisoned.
The adder poisons you! The adder bites you.
The blast of sand hits the adder!
The adder is almost dead.
You feel sick. The adder bites you.
You are lethally poisoned!
The adder poisons you!
* * * LOW HITPOINT WARNING * * *
You feel sick. The adder closely misses you.
You closely miss the adder. Your grab misses the adder.
The adder is severely wounded.
* * * LOW HITPOINT WARNING * * *
You feel sick. The adder misses you. The adder bites you.
* * * LOW HITPOINT WARNING * * *
You are more poisoned.
The adder poisons you!
You miss the adder. Your grab misses the adder.
The adder is severely wounded.
You die...

#.....†#
##.)###..##
#......#
##..#..##
#####.##
##...## #.#
##.## #.#
### . #.##
#..#
##'####
#@S...#
#.....#
#.....#
#.....#
####+##


You could see an adder.

Vanquished Creatures
  A dart slug (D:1)
  2 bats
  2 endoplasms
  2 goblins
  A hobgoblin (D:2)
  3 quokkas (D:2)
  A ball python (D:1)
  4 frilled lizards
  A kobold (D:2)
  3 rats
20 creatures vanquished.

Notes
Turn   | Place    | Note
-------+----------+-------------------------------------------
     0 | D:1      | Akaron the Octopode Earth Elementalist began the quest for
                  | the Orb.
     0 | D:1      | Reached XP level 1. HP: 11/11 MP: 3/3
   258 | D:1      | Found a faded altar of an unknown god.
   338 | D:1      | Reached XP level 2. HP: 17/17 MP: 3/5
   444 | D:1      | Learned a level 2 spell: Passwall
  1233 | D:2      | Succumbed to an adder's poison

Illustrated notes

Levels and vault maps discovered:
D:1:      ncdulo_halloftheorcs, layout_loops_ring,
          chequers_ecumenical_altar_grove
D:2:      minmay_alternating_diamond, layout_basic, minmay_misc_feat_alley

Action                   || total
-------------------------++-------
Melee: Unarmed           ||    12
       Constrict         ||     3
       Punch             ||     1
       Tentacles         ||     1
 Cast: Sandblast         ||    26
Armor: Skin              ||     1
Dodge: Dodged            ||    24
